 Dungeon Crawl Stone Soup version 0.25-a0-302-g9f758675c1 (webtiles) character file.

Game seed: 15406544747674588443, levelgen mode: deterministic

212 ProvenSin the Ruffian (level 5, -8/50 HPs)
             Began as a Troll Fighter on Dec 20, 2019.
             Was an Initiate of Ru.
             Mangled by a gnoll
             ... wielding a +1 halberd of freezing
              (10 damage)
             ... on level 3 of the Dungeon.
             The game lasted 00:09:10 (2162 turns).

ProvenSin the Ruffian (Troll Fighter)               Turns: 2162, Time: 00:09:10

Health: -8/50      AC:  6    Str: 25    XL:     5   Next: 58%
Magic:  4/4        EV:  8    Int:  4    God:    Ru [......]
Gold:   135        SH:  9    Dex:  9    Spells: 4/4 levels left

rFire    . . .     SeeInvis .     - Unarmed
rCold    . . .     Gourm    +   b - +0 shield
rNeg     . . .     Faith    .   a - +0 robe
rPois    .         Spirit   .   (helmet restricted)
rElec    .         Reflect  .   (no cloak)
rCorr    .         Harm     .   (gloves unavailable)
MR       .....                  (boots unavailable)
Stlth    +.........             (no amulet)
HPRegen  0.56/turn              (no ring)
MPRegen  0.09/turn              (no ring)

@: no status effects
A: large, unfitting armour, claws 3, fast metabolism 3, gourmand, regeneration
1, shaggy fur 1, tough skin 3
a: Renounce Religion


You were on level 3 of the Dungeon.
You worshipped Ru.
Ru was noncommittal.
You were very full.

You visited 1 branch of the dungeon, and saw 3 of its levels.

You collected 135 gold pieces.

Inventory:

Armour
 a - a +0 robe (worn)
 b - a +0 shield (worn)
Jewellery
 e - an uncursed amulet of guardian spirit {unknown}
 k - an uncursed amulet of guardian spirit {unknown}
 n - an uncursed amulet of magic regeneration {unknown}
 o - an uncursed amulet of harm {unknown}
 q - a +4 ring of intelligence {unknown}
Wands
 i - a wand of flame (24)
Scrolls
 f - a scroll of noise {unknown}
 g - a scroll of immolation {unknown}
 h - 2 scrolls of amnesia {unknown}
 j - 2 scrolls of identify {unknown}
 l - a scroll of remove curse {unknown}
 m - 2 scrolls of teleportation {unknown}
 r - a scroll of enchant weapon {unknown}
Potions
 c - 2 potions of might
Comestibles
 d - 6 rations
 p - 3 chunks of flesh


   Skills:
 + Level 2.7 Fighting
 + Level 2.9 Dodging
 + Level 0.2 Stealth
 + Level 2.9 Shields
 * Level 4.8 Unarmed Combat


You had 4 spell levels left.
You didn't know any spells.
Your spell library was empty.

Dungeon Overview and Level Annotations

Branches:
Dungeon (3/15)

Altars:
Ru
Zin


Innate Abilities, Weirdness & Mutations

You are too large for most types of armour.
You have claws for hands.
Your metabolism is lightning-fast.
You like to eat raw meat.
Your natural rate of healing is unusually fast.
You are covered in fur. (AC +1)
You have extremely tough skin. (AC +3)


Message History

You block the gnoll's attack.
Your shield prevents you from hitting the bat.
You block the bat's attack.
There are monsters nearby!
You block the bat's attack.
The gnoll hits you from afar with a +1 halberd of freezing.
The gnoll freezes you.
* * * LOW HITPOINT WARNING * * *
The gnoll hits you from afar with a +1 halberd of freezing!
* * * LOW HITPOINT WARNING * * *
The gnoll freezes you.
* * * LOW HITPOINT WARNING * * *
The gnoll barely misses you.
Things that are here:
a +0 flail; a +0 spear; a gnoll corpse You scratch the gnoll.
The gnoll is heavily wounded.
The bat hits you but does no damage.
The gnoll hits you with a +1 halberd of freezing!
You die...

##h .#...#.## ##
............# ..
....###.....# #.##
##.#.#.###.# # #...
#...##...# ##.###..#
.##.#..#..### ........#
#.#.###.##.).#
......g.##..#..#..##....
#.@#.##.#..##).##..
.....b.#.(.#.###.##.##..
.......##.##...#.#..#...
.....#. ##..###...##....
.....#....#..#รท###...##.
.... ###..##.#.#.....#
### #...##..#...###
#.....).(...#
.............#


You could see a gnoll and a bat.

Vanquished Creatures
  An iguana (D:2)
  5 adders
  6 gnolls
  An ooze (D:3)
  2 worms (D:2)
  5 dart slugs
  An orc (D:3)
  8 bats
  4 giant cockroaches
  5 goblins
  9 hobgoblins
  8 jackals
  4 kobolds
  4 frilled lizards
  4 rats
67 creatures vanquished.

Notes
Turn   | Place    | Note
-------+----------+-------------------------------------------
     0 | D:1      | ProvenSin the Troll Fighter began the quest for the Orb.
     0 | D:1      | Reached XP level 1. HP: 22/22 MP: 0/0
    84 | D:1      | Reached XP level 2. HP: 26/29 MP: 1/1
  1034 | D:2      | Reached XP level 3. HP: 36/36 MP: 2/2
  1085 | D:2      | Reached skill level 3 in Unarmed Combat
  1087 | D:2      | Reached XP level 4. HP: 26/44 MP: 3/3
  1368 | D:2      | Reached skill level 4 in Unarmed Combat
  1669 | D:2      | Reached XP level 5. HP: 50/50 MP: 4/4
  1710 | D:2      | Found a glowing silver altar of Zin.
  1711 | D:2      | Found a sacrificial altar of Ru.
  1730 | D:2      | Became a worshipper of Ru the Awakened
  2160 | D:3      | HP: 1/50 [gnoll/+1 halberd of freezing (2)]
  2162 | D:3      | Mangled by a gnoll

Levels and vault maps discovered:
D:1:      grunt_arrival_lava_bath, layout_basic
D:2:      minmay_diamond_boxcup, layout_loops_corners, minitemple, first_ration,
          minmay_circle_x
D:3:      layout_basic, lemuel_crystal_altar, minmay_pentomino_pile

Skill      XL: |  1  2  3  4 |
---------------+-------------+-----
Unarmed Combat | 3 4 |  4.8
Fighting       | |  2.7
Dodging        | |  2.9
Stealth        | |  0.2
Shields        | |  2.9

Action                   |  1- 3 |  4- 6 || total
-------------------------+-------+-------++-------
Melee: Unarmed           |    77 |   122 ||   199
 Stab: Sleeping          |       |     1 ||     1
  Eat: Chunk             |    10 |    15 ||    25
Armor: Robe              |    25 |    34 ||    59
Dodge: Dodged            |    24 |    35 ||    59
Block: Shield            |    25 |    52 ||    77

Table legend:
 A = Non-vault XP
 B = Vault XP
 C = Vault XP percentage of total XP
 D = Non-vault monster count
 E = Vault monster count
 F = Vault count percentage of total count
                 A         B        C        D         E       F
            +---------+---------+-------+---------+---------+-------
      Total |     251 |      53 |  17.4 |      52 |      15 |  22.4
            +---------+---------+-------+---------+---------+-------
        D:1 |      34 |       0 |   0.0 |      19 |       0 |   0.0
        D:2 |     160 |      36 |  18.4 |      20 |      11 |  35.5
        D:3 |      57 |      17 |  23.0 |      13 |       4 |  23.5
            +---------+---------+-------+---------+---------+-------
